 Dungeon Crawl Stone Soup version 0.30-a0-1094-g860fb061e7 (webtiles) character file.

Game seed: 11128290081872625443

485 Pimp the Trooper (level 7, -2/61 HPs)
             Began as a Hill Orc Fighter on Apr 17, 2023.
             Was a Follower of Makhleb.
             Slain by a gnoll sergeant
             ... wielding a +1 spear of flaming
              (5 damage)
             ... on level 4 of the Dungeon.
             The game lasted 00:04:55 (2941 turns).

Pimp the Trooper (Hill Orc Fighter)                 Turns: 2941, Time: 00:04:56

Health: -2/61      AC:  8    Str: 21    XL:     7   Next: 13%
Magic:  7/7        EV:  9    Int:  8    God:    Makhleb [*.....]
Gold:   75         SH:  5    Dex: 10    Spells: 6/6 levels left

rFire   . . .      SeeInvis .    a - +0 war axe (flame)
rCold   . . .      Faith    .    c - +0 buckler
rNeg    . . .      Spirit   .    b - +0 scale mail
rPois   .          Reflect  .    (no helmet)
rElec   .          Rampage  .    i - +0 cloak
rCorr   .                        (no gloves)
Will    .....                    (no boots) Stlth
                                 (no amulet)
HPRegen 0.30/turn                (no ring)
MPRegen 0.10/turn                (no ring)

@: mighty
A: no striking features
a: Renounce Religion


You were on level 4 of the Dungeon.
You worshipped Makhleb.
Makhleb was aware of your devotion.
You visited 1 branch of the dungeon, and saw 4 of its levels.

You collected 130 gold pieces.
You spent 55 gold pieces at shops.

Inventory:

Hand Weapons
 a - a +0 war axe of flaming (weapon)
Armour
 b - a +0 scale mail (worn)
 c - a +0 buckler (worn)
 i - a +0 cloak (worn)
Wands
 e - a wand of flame (15)
Scrolls
 g - 2 scrolls of identify
 k - a scroll of torment
Potions
 d - a potion of might
 f - a potion of berserk rage {unknown}
 h - a potion of lignification
 j - a potion of brilliance
 l - a potion of curing {unknown}


   Skills:
 + Level 5.6 Fighting
 + Level 5.4 Axes
 + Level 5.1 Armour
 + Level 5.1 Shields


You had 6 spell levels left.
You didn't know any spells.
Your spell library was empty.

Dungeon Overview and Level Annotations

Branches:
Dungeon (4/15)
 Temple: D:4-7

Altars:
Makhleb
Trog
Yredelemnul

Shops:
D:3 !


Message History

Makhleb accepts your kill. The gnoll hits you with a +0 spear.
The orc priest mumbles some strange prayers to Beogh against you.
Beogh smites you! The orc misses you. The gnoll sergeant barely misses you.
The orc priest shouts, "Surrender to Beogh and we'll let you live!"
You slash the orc priest! You burn the orc priest.
The orc priest is almost dead.
You hit the gnoll. You burn the gnoll. You closely miss the orc.
The gnoll barely misses you. The gnoll hits you but does no damage.
The orc priest hits you but does no damage.
The orc hits you but does no damage. The gnoll sergeant barely misses you.
You completely miss the orc priest.
The orc priest is almost dead.
You slash the gnoll! You burn the gnoll.
You kill the gnoll!
Makhleb accepts your kill.
You slash the orc! You burn the orc.
You kill the orc!
Makhleb accepts your kill.
You barely miss the orc. The orc hits you but does no damage.
You block the gnoll's attack.
The gnoll sergeant hits you from afar with a +1 spear of flaming!
The gnoll sergeant burns you. The orc priest hits you with a +0 whip.
The orc hits you but does no damage. The gnoll closely misses you.
The gnoll sergeant hits you from afar with a +1 spear of flaming!
* * * LOW HITPOINT WARNING * * *
The gnoll sergeant burns you.
* * * LOW HITPOINT WARNING * * *
You block the orc priest's attack.
You slash the orc priest! You burn the orc priest.
You kill the orc priest!
Makhleb accepts your kill.
You slash the orc! You burn the orc.
You kill the orc!
Makhleb accepts your kill.
You feel better.
The gnoll sergeant hits you from afar with a +1 spear of flaming!
* * * LOW HITPOINT WARNING * * *
The gnoll sergeant burns you.
You die...

~~~~~~~~~~~~~~~~~~~~~~~~~~~~~~~~~
*****~~~~~~~~~~~~~~~~~~~~~~~~~~~~
*,,,*,,,,,,,,,,,,,,,,,,,,,,,,,,,,
*,,,#############################
***+#()................)....'....
~,*,#########################....
~,*,*,*,,.......#8..8#......#.)..
~,*,*,*,,.....g))....'..8#..##''#
~,*,*,+,,|....g)@....'.)8#...^...
~,*,*,*,,......)#....#..)).......
~,*+****++#######....#########''#
~,*,,,,,,,,*,,,,#....#....#[#..))
~,*,,,,,,,,*,**,#....###.##)#....
***+*,,,,,,,,,,,#....#.....†'....
*,,,********#####''''############
*,,,*,,,,,,,................,,,,,
*****~~~~~~~~~~~~....~~~~~~~~~~~~


You could see a gnoll sergeant and a gnoll.

Vanquished Creatures
  An ogre (D:4)
  A howler monkey (D:4)
  A gnoll bouda (D:4)
  Crazy Yiuf (D:2)
  An orc priest (D:4)
  2 iguanas (D:4)
  An orc wizard (D:4)
  10 gnolls
  2 adders
  2 worms
  A dart slug (D:3)
  20 orcs
  2 bats
  4 endoplasms
  2 giant cockroaches
  9 goblins
  A hobgoblin (D:3)
  14 jackals
  5 quokkas
  9 ball pythons
  3 frilled lizards (D:1)
  3 kobolds
  5 rats
100 creatures vanquished.

Vanquished Creatures (others)
  An orc (D:4)
  2 fungi (D:2)
  A plant (D:2)
4 creatures vanquished.

Grand Total: 104 creatures vanquished

Notes
Turn   | Place    | Note
-------+----------+-------------------------------------------
     0 | D:1      | Pimp the Hill Orc Fighter began the quest for the Orb.
     0 | D:1      | Reached XP level 1. HP: 19/19 MP: 1/1
    73 | D:1      | Reached XP level 2. HP: 19/27 MP: 2/2
   648 | D:2      | Reached XP level 3. HP: 29/33 MP: 3/3
   779 | D:2      | Found a runed translucent door.
   780 | D:2      | Noticed Crazy Yiuf
  1070 | D:2      | Found a faded altar of an unknown god.
  1148 | D:2      | Reached XP level 4. HP: 40/40 MP: 4/4
  1336 | D:2      | Killed Crazy Yiuf
  1732 | D:3      | Found Maupnuewk's Distillery.
  1737 | D:3      | Bought a potion of heal wounds for 55 gold pieces
  1756 | D:3      | Reached XP level 5. HP: 47/47 MP: 5/5
  1845 | D:3      | Found a burning altar of Makhleb.
  1854 | D:3      | Became a worshipper of Makhleb the Destroyer
  2063 | D:4      | Found a bloodstained altar of Trog.
  2097 | D:4      | Noticed an ogre
  2103 | D:4      | Killed an ogre
  2104 | D:4      | Reached skill level 5 in Fighting
  2104 | D:4      | Reached XP level 6. HP: 14/56 MP: 6/6
  2335 | D:4      | Found a basalt altar of Yredelemnul.
  2411 | D:4      | Reached skill level 5 in Axes
  2648 | D:4      | Reached skill level 5 in Shields
  2729 | D:4      | Reached skill level 5 in Armour
  2739 | D:4      | Reached * piety under Makhleb
  2741 | D:4      | Reached XP level 7. HP: 61/61 MP: 7/7
  2941 | D:4      | HP: 3/61 [gnoll sergeant/+1 spear of flaming (11)]
  2941 | D:4      | Slain by a gnoll sergeant

Illustrated notes

Levels and vault maps discovered:
D:1:      grunt_arrival_lava_bath, layout_basic, minmay_statues_item,
          minmay_unequal
D:2:      layout_rooms, shapermc_ecumenical_altar_mp_urbaneastern,
          cheibrodos_gnoll_hut, uniq_crazy_yiuf_cottage
D:3:      layout_loops_ring, old_standard_altar, serial_shops, shop,
          minmay_fountain_box, kennysheep_generic_room_13
D:4:      lemuel_castle_with_subvaults [lemuel_castle_interior_carwin_2],
          layout_basic, mainiacjoe_overflow_brackets, lemuel_round_altar,
          chequers_decorated_corner, uniq_sigmund

Skill      XL: |  1  2  3  4  5  6 |
---------------+-------------------+-----
Axes           | 3 4 5 |  5.4
Fighting       | 4 5 |  5.6
Shields        | 4 5 |  5.1
Armour         | 4 5 |  5.1

Action                     |  1- 3 |  4- 6 |  7- 9 || total
---------------------------+-------+-------+-------++-------
  Melee: War axe           |   132 |    98 |    25 ||   255
    Use: Scroll            |       |     6 |       ||     6
         Potion            |       |     2 |     1 ||     3
 Armour: Scale mail        |    75 |    48 |    15 ||   138
  Dodge: Dodged            |    62 |    51 |    20 ||   133
  Block: Buckler           |    29 |    21 |    14 ||    64

Table legend: (Time is in decaauts)
 A = Elapsed time spent in this place.
 B = Non-inter-level travel time spent in this place.
 C = Inter-level travel time spent in this place.
 D = Time resting spent in this place.
 E = Time spent auto-exploring this place.
 F = Levels seen in this place.
 G = Mean time per level.
                   A        B        C        D        E       F      G
               +--------+--------+--------+--------+--------+-----+--------+
         Total |   3034 |   2948 |     86 |    139 |   2128 |   4 |  758.5 |
       Dungeon |   3034 |   2948 |     86 |    139 |   2128 |   4 |  758.5 |
               +--------+--------+--------+--------+--------+-----+--------+

Top non-repeatable levels by time:
     D:4: 912 daAuts
     D:2: 807 daAuts
     D:1: 665 daAuts
     D:3: 649 daAuts
